 Dungeon Crawl Stone Soup version 0.17-a0-1504-gb7d9117 (webtiles) character file.

7 Etheric the Scratcher (level 1, 9/9 HPs)
             Began as a Felid Transmuter on July 9, 2015.
             Got out of the dungeon alive.
             The game lasted 00:09:53 (625 turns).

Etheric the Scratcher (Felid Transmuter)             Turns: 625, Time: 00:09:53

Health: 9/9        AC:  1    Str:  6    XL:     1   Next: 91%
Magic:  4/4        EV: 18    Int: 14    God:
Gold:   11         SH:  0    Dex: 16    Spells: 1 memorised, 3 levels left
                                        Lives:  0   Deaths: 0

rFire  . . .     SeeInvis +       - Unarmed
rCold  . . .     Clarity  .     (armour unavailable)
rNeg   . . .     SustAt   .     (shield unavailable)
rPois  .         Gourm    .     (helmet unavailable)
rElec  .         Spirit   .     (cloak unavailable)
rCorr  .         Warding  .     (gloves unavailable)
rMut   .         Stasis   .     (boots unavailable)
MR     .....                    (no amulet)
Stlth  ++........               (no ring)
                                (no ring)

@: quick, not resistant to hostile enchantments, unstealthy
A: no armour, no weapons or thrown items, claws 1, fangs 3, see invisible,
carnivore 3, speed 1, shaggy fur 1, slow metabolism 1, sharp paws
a: no special abilities


You escaped.
You were not hungry.

You visited 1 branch of the dungeon, and saw 1 of its levels.

You collected 11 gold pieces.

Inventory:

Hand weapons
 n - a +0 short sword
 q - a +0 club
Missiles
 a - 12 arrows
 e - 51 sling bullets
 m - 20 sling bullets of frost
 o - 13 stones
Armour
 g - a +0 leather armour
 h - a +0 leather armour
 i - a +0 cloak
Jewellery
 k - an uncursed amulet of clarity {unknown}
Scrolls
 j - a scroll of magic mapping {unknown}
 r - a scroll of noise {unknown}
Potions
 d - 2 potions of ambrosia {unknown}
 p - a potion of heal wounds
Books
 b - a book of Changes

   Spells                             Type                      Level
   a - Beastly Appendage              Transmutation                1
   b - Sticks to Snakes               Transmutation                2
   c - Spider Form                    Transmutation/Poison         3
   d - Ice Form                       Ice/Transmutation            4
   e - Blade Hands                    Transmutation                5
Comestibles
 c - a meat ration
 f - a slice of pizza
 l - a bread ration


   Skills:
 + Level 1.0 Fighting
 + Level 2.8 Dodging
 + Level 3.1 Unarmed Combat
 + Level 2.2 Spellcasting
 + Level 2.3 Transmutations


You had 3 spell levels left.
You knew the following spells:

 Your Spells              Type           Power        Failure   Level  Hunger
a - Beastly Appendage     Trmt           #.....       12%         1    #......


Dungeon Overview and Level Annotations

Branches:
Dungeon (1/15)

Altars:


Innate Abilities, Weirdness & Mutations

You cannot wear armour.
You are incapable of wielding weapons or throwing items.
You have sharp claws.
You have razor-sharp teeth.
You have supernaturally acute eyesight.
You are carnivorous and can eat meat at any time.
You cover ground quickly.
You are covered in fur (AC +1).
You have a slow metabolism.
Your sharp claws are effective at attacking unaware monsters.


Message History

You scratch the hobgoblin.
You kill the hobgoblin!
There is a staircase leading out of the dungeon here.
Sorry, you're not good enough to have a special ability.
Casting: Beastly Appendage
Confirm with . or Enter, or press ? or * to list all spells.
You don't know that spell.
Press: ? - help, v - describe, . - travel A staircase leading out of the dungeon.
There are no items here.
Drop what? 18/52 slots (_ for help) (? for menu, Esc to quit)
Okay, then.
There is a staircase leading out of the dungeon here.
There are no items here.
There is a staircase leading out of the dungeon here.
You can't go down here!
Are you sure you want to leave the Dungeon?
This will make you lose the game!
Uppercase [Y]es or [N]o only, please.
Are you sure you want to leave the Dungeon?
This will make you lose the game!
You have escaped!

###.# #.#.# #.##.# #.### ..#
#..# #.##.# #...#
###.###(#.####.##.# ###.#
#.#.##.......#.# #.#
###...........#.## #.#
#........###.....# #.#
#.#.###..# #..#.## #.# #...#
######..### #.# .. #...#
#@.....#######.#
#..####...#######...........#
#...................#########
##.###....#.#...##.##
#.###....#.#...##.#
#.>............##.#
#.#####..#.#.##.###.#
#...............# ..#
##.#####.......### .##


There were no monsters in sight!

Vanquished Creatures
  A bat (D:1)
  A goblin (D:1)
  A hobgoblin (D:1)
  A kobold (D:1)
  3 rats (D:1)
7 creatures vanquished.

Notes
Turn   | Place    | Note
--------------------------------------------------------------
     0 | D:1      | Etheric the Felid Transmuter began the quest for the Orb.
     0 | D:1      | Reached XP level 1. HP: 9/9 MP: 4/4
   625 | D:$      | Got out of the dungeon alive.

Vault maps used:
D:1:      dpeg_arrival_tiny_k

Action                   || total
-------------------------++-------
Melee: Unarmed           ||    23
 Cast: Beastly Appendage ||     1
  Use: Potion            ||     1
